Unix NetHack Version 5.0.0-0 post-release - last build Jul 14 2026 02:55:29 (1809b74e8187c3a3585e283601c3028b46cbbdcb,branch:main).

Game began 2026-07-14 23:38:37, ended 2026-07-14 23:53:14.

Jinnora, neutral female human Wizard

                   ################[#####################       --------
  --------------   ##         #               #         ##      |.>....|
  |.............###`         ###              #          #######-......|
  |............|                              #############     |......|
  |............|                              #     ------######.......|
  |..........<.+                              ######-.@..|      |......|
  --------------                                    |....|      --------
                                                    .....|
                                                    |....|
                                                    |....|
                                                    ------

Jinnora the Conjurer      St:7 Dx:11 Co:17 In:17 Wi:11 Ch:9  Neutral
Dlvl:5  $:134 HP:26(44) Pw:40(43) AC:9  Xp:5/181 T:1705 

Latest messages:
 The door opens.
 You miss the jackal.
 The jackal bites!
 You miss the jackal.
 The jackal bites!
 You miss the jackal.
 The jackal bites!
 You kill the jackal!
 Where do you want to travel to?
 (For instructions type a '?')
 You descend the stairs.
 With great effort you move the boulder.
 You try to move the boulder, but in vain.
 You hear a door open.
 You destroy the kobold zombie!
 In what direction? 6
 The spell hits the hill orc!
 The spell hits it!
 You kill it!
 Welcome to experience level 5.
 In what direction? 6
 The spell hits the hill orc!
 You kill the hill orc!
 x - a tripe ration (2 in total).
 I - a scroll labeled NR 9.
 You hit the kobold.
 The kobold hits!
 You kill the kobold!
 That door is closed.
 That door is closed.
 In what direction? 6
 The door opens.
 You descend the stairs.
 You climb up the stairs.
 You see here a cyan potion.
 J - a cyan potion.
 You fall into a pit!
 You land on a set of sharp iron spikes!
 The spikes were poisoned!
 You feel very sick!
 You feel weaker!
 There is a spiked pit here.
 You see here a banded mail.
 You have a little trouble lifting a banded mail.  Continue? [ynq] (q) n
 What do you want to ready? [$ or ?*] <esc>
 Never mind.
 What do you want to drink? [fghJ or ?*] <esc>
 Never mind.
 Really quit without saving? [yn] (n) y
 Do you want your possessions identified? [ynq] (y) q

Inventory:
 Coins    ('$')
  $ - 134 gold pieces
 Weapons  (')')
  a - a blessed +1 quarterstaff (weapon in hands)
 Armor    ('[')
  b - an uncursed +0 cloak of magic resistance (being worn)
 Comestibles  ('%')
  o - 2 uncursed food rations
  y - 2 cursed food rations
  E - 3 uncursed fortune cookies
  x - 2 uncursed tripe rations
  v - an uncursed tin of spinach
 Scrolls  ('?')
  q - an uncursed scroll of amnesia
  I - an uncursed scroll of create monster
  C - an uncursed scroll of enchant weapon
  i - an uncursed scroll of genocide
  k - 2 uncursed scrolls of identify
  F - an uncursed scroll of light
  j - 2 uncursed scrolls of teleportation
 Spellbooks  ('+')
  G - an uncursed spellbook of cure blindness
  m - an uncursed spellbook of extra healing
  l - a blessed spellbook of force bolt
  D - a cursed spellbook of healing
 Potions  ('!')
  J - an uncursed potion of booze
  f - an uncursed potion of gain ability
  h - an uncursed potion of object detection
  g - an uncursed potion of water
 Rings    ('=')
  e - an uncursed ring of conflict
  d - an uncursed ring of polymorph control
  p - an uncursed ring of sustain ability
 Wands    ('/')
  w - an uncursed wand of create monster (0:13)
  z - an uncursed wand of opening (0:4)
  c - an uncursed wand of stasis (0:5)
 Tools    ('(')
  s - an uncursed can of grease (0:16)
  n - an uncursed magic marker (0:19)
  t - an uncursed tin opener
 Gems/Stones  ('*')
  A - an uncursed amethyst stone
  B - 2 uncursed jet stones
  r - an uncursed worthless piece of green glass
  H - an uncursed touchstone

Jinnora the Wizard's attributes:

Background:
 You were a Conjurer, a level 5 female human Wizard.
 You were neutral, on a mission for Thoth
 who was opposed by Ptah (lawful) and Anhur (chaotic).
 You were right-handed.
 You were in the Dungeons of Doom, on level 5.
 You entered the dungeon 1705 turns ago.
 It was nighttime.
 There was a new moon in effect when your adventure ended.
 You had 181 experience points, 139 more were needed to attain level 6.

Basics:
 You had 26 out of 44 hit points.
 You had 40 out of 43 energy points (spell power).
 Your armor class was 9.
 Your wallet contained 134 zorkmids.
 Autopickup was off.

Final Characteristics:
 Your strength was 7 (peak:10, limit:18/100).
 Your dexterity was 11 (limit:18).
 Your constitution was 17 (peak:18, limit:18).
 Your intelligence was 17 (limit:18).
 Your wisdom was 11 (limit:18).
 Your charisma was 9 (limit:18).

Final Status:
 You were trapped in a spiked pit.
 You weren't hungry.
 You were unencumbered.
 You were wielding a quarterstaff.
 You had basic skill with quarterstaff.

Final Attributes:
 You were devoutly aligned.
 You were magic-protected.
 You were warded.
 You survived.

Miscellaneous:
 You didn't encounter any bones levels.
 Total elapsed playing time was 14 minutes and 37 seconds.

Major events:
 Turn
    1: Jinnora the neutral female human Wizard entered the dungeon
  489: attained the rank of Conjurer (level 3)
  785: entered the Gnomish Mines
  866: found Mjollnir in a shop
 1705: quit

Spells:
 Name                 Level Category     Fail Retention
 force bolt             1   attack         0%  91%-100%
 extra healing          3   healing       88%  76%-100%

Skills:
 Fighting Skills
   bare handed combat [Unskilled]
   riding             [Unskilled]
 Weapon Skills
   dagger             [Unskilled]
   knife              [Unskilled]
   axe                [Unskilled]
   short sword        [Unskilled]
   club               [Unskilled]
   mace               [Unskilled]
   quarterstaff       [Basic]
   polearms           [Unskilled]
   spear              [Unskilled]
   trident            [Unskilled]
   sling              [Unskilled]
   dart               [Unskilled]
   shuriken           [Unskilled]
 Spellcasting Skills
   attack spells      [Basic]
   healing spells     [Unskilled]
   divination spells  [Unskilled]
   enchantment spells [Basic]
   clerical spells    [Unskilled]
   escape spells      [Unskilled]
   matter spells      [Unskilled]

Voluntary challenges:
 Character rerolling was not enabled.
 You never genocided any monsters.
 You never polymorphed an object.
 You never changed form.
 You used no wishes.
Achievements:
 You attained the rank of Conjurer.
 You entered the Gnomish Mines.
 You entered a shop.

 The Dungeons of Doom: levels 1 to 6
    Level 1:
       A fountain, a sink.
    Level 2:
       A fountain.
    Level 3:
       A general store.
       Stairs down to The Gnomish Mines.
    Level 4:
       A fountain, a sink.
    Level 5: <- You were here.
    Level 6:
 The Gnomish Mines: levels 4 to 5
    Level 4:
    Level 5:


Vanquished creatures:
  a gnome leader
  a kitten
  a kobold leader
  2 hill orcs
 an iguana
  a gas spore
  2 large kobolds
  a hobgoblin
  a giant rat
  4 cave spiders
  a yellow mold
  4 gnomes
  a gecko
  2 jackals
  2 kobolds
  4 goblins
  2 sewer rats
  4 grid bugs
  3 lichens
  a kobold zombie
  4 newts
43 creatures vanquished.

No species were genocided or became extinct.

Goodbye Jinnora the Wizard...

You quit in The Dungeons of Doom on dungeon level 5 with 1118 points,
and 134 pieces of gold, after 1705 moves.
You were level 5 with a maximum of 44 hit points when you quit.

